 Dungeon Crawl Stone Soup version 0.30-a0-141-g30f27751c5 (webtiles) character file.

Game seed: 9163306961492463362

177 MudFish the Insei (level 5, 0/41 HPs)
             Began as a Draconian Transmuter on Sept 24, 2022.
             Slain by a hobgoblin (3 damage)
             ... on level 4 of the Dungeon on Sept 25, 2022.
             The game lasted 00:07:36 (3672 turns).

MudFish the Insei (Draconian Transmuter)            Turns: 3672, Time: 00:07:37

Health: 0/41       AC:  5    Str: 12    XL:     5   Next: 31%
Magic:  8/8        EV: 12    Int: 15    God:
Gold:   159        SH:  0    Dex: 12    Spells: 1/8 levels left

rFire   . . .      SeeInvis .      - Unarmed
rCold   . . .      Faith    .    (no shield)
rNeg    . . .      Spirit   .    (body armour unavailable)
rPois   .          Reflect  .    (helmet currently unavailable)
rElec   .          Harm     .    (no cloak)
rCorr   .          Rampage  .    (no gloves)
Will    .....                    (boots currently unavailable)
Stlth   +.........               (no amulet)
HPRegen 0.13/turn                (no ring)
MPRegen 0.11/turn                (no ring)

@: appendages, slowed, very slow
A: horns 2, talons 2, AC +5, unfitting armour, cold-blooded
a: End Transformation


You were on level 4 of the Dungeon.
You had temporarily grown beastly horns and talons.
You visited 1 branch of the dungeon, and saw 4 of its levels.

You collected 159 gold pieces.

Inventory:

Hand Weapons
 i - a +9 club
Missiles
 d - 6 poisoned darts
Jewellery
 e - an amulet of guardian spirit
Wands
 b - a wand of flame (8)
Scrolls
 g - a scroll of fear
 j - a scroll of enchant weapon {unknown}
Potions
 a - 3 potions of lignification


   Skills:
 - Level 1.7 Fighting
 - Level 1.7 Dodging
 + Level 3.9 Unarmed Combat
 - Level 2.2 Spellcasting
 * Level 3.7 Transmutations
 * Level 2.3 Poison Magic


You had one spell level left.
You knew the following spells:

 Your Spells              Type           Power      Damage    Failure   Level
a - Beastly Appendage     Tmut           24%        N/A       4%          1
b - Wereblood             Tmut           12%        N/A       7%          2
c - Spider Form           Tmut/Pois      10%        N/A       19%         3
d - Magic Dart            Conj           4%         1d3       22%         1

Your spell library contained the following spells:

 Spells                   Type           Power      Damage    Failure   Level
 Scorch                   Fire           2%         2d5       32%         2
 Searing Ray              Conj           2%         2d4       32%         2
 Tukima's Dance           Hex            1%         N/A       54%         3
 Ice Form                 Ice/Tmut       7%         N/A       69%         4
 Flame Wave               Conj/Fire      1%         2d4       91%         4
 Fulminant Prism          Conj/Hex       0%         3d6       91%         4
 Passage of Golubria      Tloc           1%         N/A       91%         4
 Yara's Violent Unravell  Hex/Tmut       3%         3d4       95%         5
 Summon Cactus Giant      Summ           0%         N/A       100%        6


Dungeon Overview and Level Annotations

Branches:
Dungeon (4/15)
 Temple: D:4-7

Altars:
Fedhas
Qazlal
Yredelemnul

Annotations:
D:3 2 runed translucent doors, Bediveer's ghost, amateur KoHs
D:4 Natasha


Innate Abilities, Weirdness & Mutations

You have temporarily grown beastly horns and talons.
Your plain brown scales are hard. (AC +5)
You cannot fit into any form of body armour.
You are cold-blooded and may be slowed by cold attacks.


Message History

Ouch! That really hurt!
* * * LOW HITPOINT WARNING * * *
The quokka barely misses you.
You hit Natasha. Your kick misses Natasha. Your headbutt misses Natasha.
Natasha is moderately wounded.
The kobold barely misses you. The hobgoblin closely misses you.
Natasha closely misses you. The quokka bites you.
* * * LOW HITPOINT WARNING * * *
The ogre closely misses you. The kobold barely misses you.
The hobgoblin barely misses you.
Natasha mumbles some strange words.
You hit Natasha but do no damage. You claw Natasha, but do no damage.
Your headbutt misses Natasha. You tail-slap Natasha. You punch Natasha.
Natasha is heavily wounded.
The quokka completely misses you. The hobgoblin closely misses you.
The kobold completely misses you. The quokka closely misses you.
The crimson imp closely misses you. Natasha claws you but does no damage.
The white imp lashes its tail.
The ogre misses you.
You hit Natasha. You claw Natasha.
You kill Natasha!
Natasha screams in pain as she dies!
The crimson imp disappears in a puff of smoke!
The white imp disappears in a puff of smoke!
The crimson imp disappears in a puff of smoke!
Natasha, Servant of Life and Death comes into view.
The quokka misses you. The kobold barely misses you.
The hobgoblin hits you but does no damage.
The quokka bites you but does no damage.
The quokka attacks as you move away! The quokka closely misses you.
The kobold barely misses you.
The hobgoblin hits you but does no damage.
The kobold closely misses you. The ogre misses you. The hobgoblin hits you.
* * * LOW HITPOINT WARNING * * *
You see here the felid corpse of Natasha.
Unknown command.
Magic courses through your body. The quokka bites you.
* * * LOW HITPOINT WARNING * * *
The hobgoblin hits you.
You die...

##......# ....###...
#..# ... ###.## #..#
... # #..#
#...##.?##.. ##.#
#.#.##......
#.#####.#.##.....
#.......#.##...#
##.......#.##..#
#..........##g@###
#..........#.rOK.###.
#..................h.h
#..........#...[.####.
#.........##.....#
##.......###.....#
#...._....##...?.#
#.........##.....#
#.........##.....#


You could see an ogre, Natasha, a quokka, a hobgoblin and a kobold.

Vanquished Creatures
  Ijyb (D:3)
  Natasha (twice) (D:4)
  6 adders
  3 dart slugs
  4 ball pythons
  3 endoplasms
  A giant cockroach (D:4)
  4 goblins
  6 hobgoblins
  3 quokkas
  A bat (D:2)
  4 frilled lizards
  4 kobolds
  2 rats (D:1)
44 creatures vanquished.

Notes
Turn   | Place    | Note
-------+----------+-------------------------------------------
     0 | D:1      | MudFish the Draconian Transmuter began the quest for the
                  | Orb.
     0 | D:1      | Reached XP level 1. HP: 16/16 MP: 3/3
   633 | D:1      | Reached XP level 2. HP: 16/23 MP: 3/5
  1007 | D:1      | Learned a level 2 spell: Wereblood
  1650 | D:2      | Reached XP level 3. HP: 21/29 MP: 4/6
  1654 | D:2      | Learned a level 3 spell: Spider Form
  1980 | D:3      | Found a blossoming altar of Fedhas.
  2284 | D:3      | Found a faded altar of an unknown god.
  2288 | D:3      | Reached skill level 1 in Poison Magic
  2326 | D:3      | Reached XP level 4. HP: 28/36 MP: 3/7
  2469 | D:3      | Found a basalt altar of Yredelemnul.
  2975 | D:3      | Noticed Ijyb
  2981 | D:3      | HP: 1/36 [Ijyb/+9 club (1)]
  2990 | D:3      | Killed Ijyb
  3368 | D:3      | Found a large runed translucent door.
  3368 | D:3      | Found a large runed translucent door.
  3369 | D:3      | Noticed Bediveer's ghost (amateur KoHs)
  3384 | D:3      | Learned a level 1 spell: Magic Dart
  3384 | D:3      | Upgraded the game from 0.30-a0-140-gd1020e658a to
                  | 0.30-a0-141-g30f27751c5
  3438 | D:4      | Noticed Natasha
  3460 | D:4      | Killed Natasha
  3461 | D:4      | Reached XP level 5. HP: 27/41 MP: 8/8
  3619 | D:4      | Found a stormy altar of Qazlal.
  3651 | D:4      | Noticed Natasha
  3657 | D:4      | Noticed an ogre
  3670 | D:4      | Killed Natasha
  3670 | D:4      | Noticed Natasha
  3672 | D:4      | Slain by a hobgoblin

Illustrated notes

Levels and vault maps discovered:
D:1:      minmay_arrival_wavy_path, layout_basic
D:2:      layout_loops_ring
D:3:      layout_basic, mainiacjoe_overflow_large_starburst,
          ebering_ghost_disaster_area, basic_ecumenical_altar, uniq_ijyb
D:4:      layout_rooms, overflow_temple_1_default, nicolae_ru_awakened_eye,
          uniq_eustachio, uniq_natasha, uniq_sigmund

Skill      XL: |  1  2  3  4 |
---------------+-------------+-----
Poison Magic   | 1 2 |  2.3
Transmutations | 3 |  3.7
Fighting       | |  1.7
Dodging        | |  1.7
Unarmed Combat | |  3.9
Spellcasting   | |  2.2

Action                   |  1- 3 |  4- 6 || total
-------------------------+-------+-------++-------
Melee: Unarmed           |   103 |    61 ||   164
       Kick              |    23 |     8 ||    31
       Tailslap          |    14 |     3 ||    17
       Headbutt          |     8 |     5 ||    13
       Punch             |     1 |     3 ||     4
 Cast: Beastly Appendage |    24 |    11 ||    35
       Wereblood         |     7 |     2 ||     9
  Use: Scroll            |     7 |     2 ||     9
       Potion            |       |     6 ||     6
 Stab: Sleeping          |     1 |       ||     1
Armor: Skin              |    23 |    27 ||    50
Dodge: Dodged            |    59 |    75 ||   134

Table legend: (Time is in decaauts)
 A = Elapsed time spent in this place.
 B = Non-inter-level travel time spent in this place.
 C = Inter-level travel time spent in this place.
 D = Time resting spent in this place.
 E = Time spent auto-exploring this place.
 F = Levels seen in this place.
 G = Mean time per level.
                   A        B        C        D        E       F      G
               +--------+--------+--------+--------+--------+-----+--------+
         Total |   3652 |   3570 |     82 |    376 |   2683 |   4 |  913.0 |
       Dungeon |   3652 |   3570 |     82 |    376 |   2683 |   4 |  913.0 |
               +--------+--------+--------+--------+--------+-----+--------+

Top non-repeatable levels by time:
     D:3: 1333 daAuts
     D:1: 1213 daAuts
     D:2: 869 daAuts
     D:4: 237 daAuts
